 Dungeon Crawl Stone Soup version 0.28-a0-1167-g616b1c6417 (webtiles) character file.

Game seed: 5867102552027477280

63 Ijustatesigmund the Chopper (level 4, -3/40 HPs)
             Began as a Hill Orc Gladiator on Dec 16, 2021.
             Slain by a goblin (5 damage)
             ... led by Robin
             ... on level 2 of the Dungeon.
             The game lasted 00:01:41 (1466 turns).

Ijustatesigmund the Chopper (Hill Orc Gladiator)    Turns: 1466, Time: 00:01:42

Health: -3/40      AC:  9    Str: 16    XL:     4   Next: 10%
Magic:  4/4        EV:  7    Int: 10    God:
Gold:   59         SH:  0    Dex: 12    Spells: 3/3 levels left

rFire   . . .      SeeInvis .   a - +0 war axe
rCold   . . .      Faith    .   (no shield)
rNeg    . . .      Spirit   .   b - +0 chain mail
rPois   .          Reflect  .   c - +0 helmet
rElec   .          Harm     .   (no cloak)
rCorr   .          Rampage  .   (no gloves)
Will    .....                   (no boots)
Stlth   ..........              (no amulet)
HPRegen 0.13/turn               (no ring)
MPRegen 0.09/turn               (no ring)

@: mighty
A: no striking features
a: no special abilities


You were on level 2 of the Dungeon.
You visited 1 branch of the dungeon, and saw 2 of its levels.

You collected 59 gold pieces.

Inventory:

Hand Weapons
 a - a +0 war axe (weapon)
Missiles
 d - 3 throwing nets (quivered)
Armour
 b - a +0 chain mail (worn)
 c - a +0 helmet (worn)
Jewellery
 f - a +6 ring of intelligence
Scrolls
 e - a scroll of enchant weapon {unknown}
 g - a scroll of fear {unknown}
Potions
 h - a potion of berserk rage {unknown}
 i - a potion of might


   Skills:
 + Level 4.0 Fighting
 + Level 5.3 Axes
 - Level 1.7 Throwing
 - Level 2.4 Dodging


You had 3 spell levels left.
You didn't know any spells.
Your spell library was empty.

Dungeon Overview and Level Annotations

Branches:
Dungeon (2/15)

Altars:

Annotations:
D:2 Robin


Message History

You hit the goblin but do no damage. You closely miss the goblin.
Robin hits you but does no damage. The goblin hits you but does no damage.
The goblin hits you with a +0 dagger.
You barely miss the goblin. x2
Robin hits you from afar with a +1 vorpal spear.
The goblin hits you with a +0 dagger of protection.
The goblin closely misses you. Robin hits you but does no damage.
The goblin barely misses you.
You barely miss the goblin. You hit the goblin.
Your chain mail prevents you from hitting the goblin.
The goblin hits you but does no damage. x2
The goblin hits you with a +0 dagger of protection.
Robin zaps a wand.
The puff of flame hits you! The goblin hits you with a +0 dagger.
* * * LOW HITPOINT WARNING * * *
You closely miss the goblin. x3
A goblin comes into view. It is wielding a +0 club.
Robin zaps a wand.
The puff of flame hits you but does no damage.
The goblin hits you but does no damage. The goblin hits you with a +0 dagger.
* * * LOW HITPOINT WARNING * * *
The goblin hits you but does no damage.
It was a potion of might.
You feel very mighty all of a sudden.
The goblin shouts!
The goblin hits you with a +0 club.
* * * LOW HITPOINT WARNING * * *
Robin hits you from afar with a +1 vorpal spear.
* * * LOW HITPOINT WARNING * * *
x2 The goblin hits you but does no damage.
The goblin hits you with a +0 dagger.
* * * LOW HITPOINT WARNING * * *
The goblin closely misses you.
You barely miss the goblin. You slash the goblin!
You kill the goblin!
You hit the goblin.
You kill the goblin!
You closely miss the goblin.
The goblin no longer looks unusually strong. x2
The goblin hits you with a +0 club.
You die...

... ..# ### ..## #..
... .######.## ..#
......g))##..# #@g.#.>#
#.gSg)##..########
#.#####8..8#..).<#####.
#....>..##...†.....
#..........#)#####.
#.#8..8###.#.# #.##..##
#.#.# . ###. ....# . .
...##


You could see Robin, an adder and 3 goblins.

Vanquished Creatures
  A gnoll (D:1)
  2 adders
  A dart slug (D:1)
  3 ball pythons (D:1)
  3 bats (D:1)
  A giant cockroach (D:1)
  2 hobgoblins (D:1)
  4 jackals (D:1)
  5 kobolds (D:1)
  A quokka (D:1)
  3 frilled lizards (D:1)
  8 goblins
  3 rats (D:1)
37 creatures vanquished.

Notes
Turn   | Place    | Note
-------+----------+-------------------------------------------
     0 | D:1      | Ijustatesigmund the Hill Orc Gladiator began the quest for
                  | the Orb.
     0 | D:1      | Reached XP level 1. HP: 18/18 MP: 1/1
   138 | D:1      | Reached XP level 2. HP: 25/25 MP: 2/2
   287 | D:1      | Found a faded altar of an unknown god.
   637 | D:1      | Reached XP level 3. HP: 24/31 MP: 3/3
   776 | D:1      | Reached skill level 5 in Axes
  1444 | D:2      | Reached XP level 4. HP: 40/40 MP: 4/4
  1454 | D:2      | Noticed Robin
  1465 | D:2      | HP: 2/40 [goblin[Robin] (2)]
  1466 | D:2      | Slain by a goblin

Illustrated notes

Levels and vault maps discovered:
D:1:      psy_arrival_heroes, layout_basic,
          hellmonk_ecumenical_altar_inner_sanctum
D:2:      kennysheep_big_flooded_room, layout_loops_ring, basic_altar,
          st_stairs_6, uniq_robin

Skill      XL: |  1  2  3 |
---------------+----------+-----
Fighting       | 3 4 |  4.0
Axes           | 5 |  5.3
Throwing       | |  1.7
Dodging        | |  2.4

Action                   |  1- 3 |  4- 6 || total
-------------------------+-------+-------++-------
Melee: War axe           |    89 |    11 ||   100
  Use: Potion            |       |     1 ||     1
Armor: Chain mail        |   102 |    14 ||   116
Dodge: Dodged            |    53 |     7 ||    60

Table legend: (Time is in decaauts)
 A = Elapsed time spent in this place.
 B = Non-inter-level travel time spent in this place.
 C = Inter-level travel time spent in this place.
 D = Time resting spent in this place.
 E = Time spent auto-exploring this place.
 F = Levels seen in this place.
 G = Mean time per level.
                   A        B        C        D        E       F      G
               +--------+--------+--------+--------+--------+-----+--------+
         Total |   1495 |   1451 |     44 |    464 |    733 |   2 |  747.5 |
       Dungeon |   1495 |   1451 |     44 |    464 |    733 |   2 |  747.5 |
               +--------+--------+--------+--------+--------+-----+--------+

Top non-repeatable levels by time:
     D:1: 1453 daAuts
     D:2: 42 daAuts
